[Event "Titled Tuesday Blitz March 29 Early 2022"]
[White "Ambartsumova, Karina"]
[Black "Garv Gaur"]
[WhiteFideId "4166299"]
[BlackFideId "45030839"]
[WhiteElo "2262"]
[BlackElo "1950"]
[Result "1-0"]
[Round "10"]
[TimeControl "180+1"]
[Date "2022.03.30"]
[WhiteClock "0:00:14"]
[BlackClock "0:00:34"]

1. c4 e6 2. Nf3 d5 3. g3 Nf6 4. Bg2 c5 5. O-O Nc6 6. b3 Be7 7. e3 O-O 8. cxd5 exd5 9. Bb2 d4 10. exd4 cxd4 11. Na3 Be6 12. Nb5 Bc5 13. Rc1 Bb6 14. Ba3 a6 15. Nd6 Qd7 16. Nxb7 Rfc8 17. Nd6 Rc7 18. Rxc6 Qxc6 19. Ne5 Qc2 20. Qxc2 Rxc2 21. Bxa8 Rxa2 22. Nec4 Bc7 23. Bc5 Bxd6 24. Bxd6 Bxc4 25. bxc4 Rxd2 26. Rc1 Nd7 27. c5 Nxc5 28. Bxc5 d3 29. Be3 Rc2 30. Rxc2 dxc2 31. Be4 c1=Q+ 32. Bxc1 g6 33. Bd3 f5 34. Bxa6 Kg7 35. Bc4 Kf6 36. Bb2+ Kg5 37. h4+ Kg4 38. Kg2 f4 39. Be6+ Kh5 40. Bg7 fxg3 41. fxg3 g5 42. g4+ Kxh4 43. Be5 h5 44. Bg3# 1-0


[Site "https://www.chess.com"]

[Event "Titled Tuesday Blitz March 29 Early 2022"]
[White "Aradhya, Garg"]
[Black "Aaditya Dhingra"]
[WhiteFideId "25006746"]
[BlackFideId "25678191"]
[WhiteElo "2169"]
[BlackElo "1849"]
[Result "1-0"]
[Round "10"]
[TimeControl "180+1"]
[Date "2022.03.29"]
[WhiteClock "0:00:50"]
[BlackClock "0:00:04"]

1. d4 Nf6 2. Nf3 e6 3. Bg5 d5 4. e3 Be7 5. c3 Nbd7 6. Bd3 c5 7. Nbd2 h6 8. Bh4 b6 9. O-O Bb7 10. Qb1 O-O 11. a4 a6 12. Re1 Re8 13. h3 Qc7 14. Bg3 Bd6 15. Bxd6 Qxd6 16. e4 dxe4 17. Nxe4 Bxe4 18. Bxe4 Rad8 19. Bd3 cxd4 20. Nxd4 Nc5 21. Bf1 e5 22. Nf5 Qd7 23. Ne3 Qb7 24. Qc2 Rd7 25. Rad1 Red8 26. Rxd7 Rxd7 27. b4 Nce4 28. Rd1 Rxd1 29. Qxd1 g6 30. Qd3 a5 31. Nc4 Qc7 32. Qe3 Kg7 33. f3 Ng5 34. Qxe5 Qd7 35. Nxb6 Qd2 36. bxa5 Ne6 37. a6 Qd8 38. a5 Kh7 39. a7 1-0


[Site "https://www.chess.com"]

[Event "Titled Tuesday Blitz March 29 Early 2022"]
[White "Ardila, Oscar Humberto"]
[Black "Mikhnenko, Alexander"]
[WhiteFideId "4404742"]
[BlackFideId "34143014"]
[WhiteElo "1966"]
[BlackElo "2184"]
[Result "0-1"]
[Round "10"]
[TimeControl "180+1"]
[Date "2022.03.30"]
[WhiteClock "0:00:28"]
[BlackClock "0:01:09"]

1. d4 d5 2. c4 c6 3. Nc3 Nf6 4. Nf3 dxc4 5. a4 e6 6. e3 c5 7. Bxc4 Nc6 8. dxc5 Bxc5 9. O-O O-O 10. Nb5 a6 11. Nc3 Nb4 12. Bd2 b6 13. Ne5 Bb7 14. Ne2 Qc7 15. Nd3 Nxd3 16. Bxd3 Qc6 17. f3 Rfd8 18. Qc2 Qd7 19. Nc1 Rac8 20. Qb1 Nd5 21. Bxh7+ Kh8 22. Re1 Nf4 23. Bc3 e5 24. Bf5 Qe7 25. Bxc8 Rxc8 26. Kh1 Nxg2 27. Qf5 Nxe1 28. Nb3 Bxf3+ 29. Kg1 Bxe3+ 30. Kf1 Qh4 31. Qxf3 Nxf3 0-1


[Site "https://www.chess.com"]

[Event "Titled Tuesday Blitz March 29 Early 2022"]
[White "Atakhan, Abtin"]
[Black "Chigaev, Maksim"]
[WhiteFideId "22502203"]
[BlackFideId "4108116"]
[WhiteElo "2119"]
[BlackElo "2502"]
[Result "1/2-1/2"]
[Round "10"]
[TimeControl "180+1"]
[Date "2022.03.29"]
[WhiteClock "0:01:02"]
[BlackClock "0:00:13"]

1. c4 e5 2. g3 Nc6 3. Bg2 g6 4. Nc3 Bg7 5. d3 d6 6. Nf3 f5 7. Rb1 a5 8. a3 Nf6 9. O-O O-O 10. Nd2 h6 11. b4 axb4 12. axb4 g5 13. Nd5 Nxd5 14. Bxd5+ Kh7 15. Bg2 Nd4 16. Bb2 Ne6 17. Qc2 g4 18. Ra1 Rxa1 19. Rxa1 h5 20. Ra8 Qg5 21. c5 dxc5 22. bxc5 c6 23. Nc4 f4 24. Be4+ Kg8 25. Nd6 Bd7 26. Rxf8+ Nxf8 27. Qb3+ Be6 28. Qxb7 fxg3 29. hxg3 h4 30. gxh4 Qxh4 31. Ne8 Bd7 32. Nxg7 g3 33. fxg3 Qxg3+ 34. Bg2 Qe1+ 35. Kh2 Qh4+ 36. Kg1 Qe1+ 37. Kh2 Qh4+ 38. Kg1 Qe1+ 1/2-1/2


[Site "https://www.chess.com"]

[Event "Titled Tuesday Blitz March 29 Early 2022"]
[White "Avalos Parra, Joao"]
[Black "Sergienko, Sergey"]
[WhiteFideId "3402541"]
[BlackFideId "4115791"]
[WhiteElo "2173"]
[BlackElo "2193"]
[Result "1-0"]
[Round "10"]
[TimeControl "180+1"]
[Date "2022.03.30"]
[WhiteClock "0:01:38"]
[BlackClock "0:00:08"]

1. d4 Nf6 2. Nc3 d5 3. Bg5 Nbd7 4. Qd3 c5 5. dxc5 e6 6. e4 Nxc5 7. Qd4 dxe4 8. Qxd8+ Kxd8 9. O-O-O+ Bd7 10. Bb5 a6 11. Bxd7 Nxd7 12. Nxe4 Be7 13. Nxf6 Bxf6 14. Bf4 e5 15. Be3 Ke7 16. Nf3 Rac8 17. c3 Rc6 18. Kb1 Rhc8 19. Nd2 Ke6 20. Ne4 Be7 21. g4 f6 22. Rd2 Nc5 23. Ng3 g6 24. Rhd1 Rd6 25. Bxc5 Rxc5 26. Ne4 Rxd2 27. Nxc5+ Bxc5 28. Rxd2 f5 29. h3 e4 30. b4 Bb6 31. c4 f4 32. c5 Bc7 33. Kc2 f3 34. Kb3 Bf4 35. Rd8 Ke7 36. Rd4 1-0


[Site "https://www.chess.com"]

[Event "Titled Tuesday Blitz March 29 Early 2022"]
[White "Bacrot, Etienne"]
[Black "Manolache, Marius"]
[WhiteFideId "605506"]
[BlackFideId "1201530"]
[WhiteElo "2673"]
[BlackElo "2389"]
[Result "1/2-1/2"]
[Round "10"]
[TimeControl "180+1"]
[Date "2022.03.29"]
[WhiteClock "0:00:04"]
[BlackClock "0:00:06"]

1. e4 c5 2. Nf3 e6 3. c3 Nf6 4. d3 Be7 5. Nbd2 O-O 6. g3 b6 7. Bg2 Bb7 8. O-O Qc7 9. Re1 a6 10. h4 d6 11. b3 Nbd7 12. Bb2 b5 13. d4 Rfd8 14. Rc1 Rac8 15. Qe2 Nf8 16. e5 dxe5 17. dxe5 Ng4 18. h5 Rd7 19. c4 b4 20. Ne4 Rcd8 21. Ba1 a5 22. Qb2 Nh6 23. Nd6 Bc6 24. Nd2 Bxg2 25. Kxg2 f5 26. Nf3 Qc6 27. Qe2 Ng4 28. Kg1 Bxd6 29. exd6 Rxd6 30. Rcd1 Rxd1 31. Rxd1 Rxd1+ 32. Qxd1 h6 33. Qe2 Nd7 34. Nh4 Kf7 35. Ng6 Qd6 36. Kg2 Ngf6 37. Bxf6 Kxf6 38. f3 Qd4 39. g4 Ne5 40. Nxe5 Qxe5 41. Qd2 fxg4 42. Qd8+ Kf7 43. fxg4 Qe4+ 44. Kg3 Qe5+ 45. Kg2 Qe4+ 46. Kg3 Qe3+ 47. Kh4 Qf2+ 48. Kh3 Qf3+ 49. Kh2 Qxg4 50. Qc7+ Kf6 51. Qxc5 Qe2+ 52. Kg1 Qe1+ 53. Kg2 Qe2+ 54. Kg1 Qg4+ 55. Kf2 Qf4+ 56. Kg2 Qg4+ 57. Kf2 Qf4+ 58. Kg2 Qg4+ 59. Kf2 1/2-1/2


[Site "https://www.chess.com"]

[Event "Titled Tuesday Blitz March 29 Early 2022"]
[White "Biletskiy, Danylo"]
[Black "Ovezdurdyyeva, Jemal"]
[WhiteFideId "14155419"]
[BlackFideId "14001888"]
[WhiteElo "2087"]
[BlackElo "1946"]
[Result "1-0"]
[Round "10"]
[TimeControl "180+1"]
[Date "2022.03.30"]
[WhiteClock "0:00:03"]
[BlackClock "0:00:02"]

1. b4 e6 2. Bb2 Nf6 3. a3 c5 4. b5 a6 5. c4 d5 6. e3 Bd7 7. a4 dxc4 8. Bxc4 axb5 9. axb5 Rxa1 10. Bxa1 Bd6 11. Qf3 b6 12. Ne2 O-O 13. O-O Be8 14. Rd1 Nbd7 15. d4 Qc7 16. dxc5 Bxh2+ 17. Kh1 Be5 18. Nd2 Qxc5 19. Bxe5 Nxe5 20. Qf4 Bxb5 21. Bxb5 Qxb5 22. Nd4 Qd5 23. Rb1 Nd3 24. Qg3 Ng4 25. Rf1 Qh5+ 26. Kg1 Rc8 27. Ne4 h6 28. Nf3 Rc2 29. Qh4 Qxh4 30. Nxh4 f5 31. Ng3 Ngxf2 32. Nf3 Ne4 33. Nxe4 fxe4 34. Nd4 Ra2 35. Nxe6 b5 36. Rf8+ Kh7 37. Rf7 Ra1+ 38. Kh2 1-0


[Site "https://www.chess.com"]

[Event "Titled Tuesday Blitz March 29 Early 2022"]
[White "Chen, Qi b"]
[Black "Kucuksari, Kaan"]
[WhiteFideId "8614733"]
[BlackFideId "6380166"]
[WhiteElo "2432"]
[BlackElo "2305"]
[Result "1-0"]
[Round "10"]
[TimeControl "180+1"]
[Date "2022.03.29"]
[WhiteClock "0:00:09"]
[BlackClock "0:00:31"]

1. e4 e5 2. Nf3 d6 3. d4 Nc6 4. dxe5 Nxe5 5. Nxe5 dxe5 6. Qxd8+ Kxd8 7. Bc4 f6 8. Be3 c6 9. a4 Kc7 10. Nd2 g6 11. g3 b6 12. f4 Bd6 13. O-O-O Ne7 14. Rhf1 Bg4 15. Rde1 Rhf8 16. c3 Rad8 17. Kc2 f5 18. fxe5 Bxe5 19. Bg5 Bf6 20. Bh6 Rfe8 21. Bf7 Nc8 22. Bxe8 Rxe8 23. Bf4+ Kb7 24. exf5 Bxf5+ 25. Kc1 Rd8 26. Ne4 Be7 27. Nd2 h5 28. Nf3 Bc5 29. Be3 Bd3 30. Rf2 Bd6 31. Rd1 Bc4 32. Ne5 Bb3 33. Nf7 Rd7 34. Nxd6+ Nxd6 35. Rdd2 Bd5 36. Rf1 Nc4 37. Rd3 Re7 38. Bd2 Ne5 39. Re3 Bc4 40. Rf6 g5 41. Rf5 Nd3+ 42. Kc2 Rxe3 43. Bxe3 g4 44. Rxh5 Ne1+ 45. Kc1 Nf3 46. Rh7+ Ka6 47. h4 Ne1 48. b4 Nd3+ 49. Kd2 Ne5 50. Bf4 Nf3+ 51. Ke3 Bb3 52. Bb8 Bxa4 53. Rxa7+ Kb5 54. h5 Bc2 55. h6 Ng5 56. Rg7 Nh7 57. Rxg4 Nf6 58. Rg7 Kc4 59. g4 Nd5+ 60. Kd2 Be4 61. g5 Nxc3 62. h7 Nb1+ 63. Ke3 Bxh7 64. Rxh7 Nc3 65. g6 Nd5+ 66. Ke4 Nf6+ 67. Kf5 Nd5 68. g7 b5 69. Ke6 Nxb4 70. Rh4+ Kb3 71. Rxb4+ Kxb4 72. g8=Q c5 73. Qg4+ c4 74. Bd6+ Kb3 75. Qg3+ Kb2 76. Be5+ Kc2 77. Kd5 b4 78. Kxc4 1-0


[Site "https://www.chess.com"]

[Event "Titled Tuesday Blitz March 29 Early 2022"]
[White "Chernomordik, Pavel"]
[Black "Wu, Sibo"]
[WhiteFideId "2804530"]
[BlackFideId "8606048"]
[WhiteElo "2249"]
[BlackElo "2336"]
[Result "1-0"]
[Round "10"]
[TimeControl "180+1"]
[Date "2022.03.30"]
[WhiteClock "0:00:36"]
[BlackClock "0:00:15"]

1. e4 c5 2. Nc3 Nc6 3. Bb5 g6 4. Bxc6 dxc6 5. f4 Bg7 6. Nf3 Nf6 7. O-O Nd7 8. e5 O-O 9. Qe2 Re8 10. e6 Nf8 11. exf7+ Kxf7 12. Qc4+ e6 13. Qxc5 Kg8 14. Qf2 Nd7 15. d4 Qc7 16. Re1 a6 17. Bd2 c5 18. d5 Nf6 19. Ng5 exd5 20. Rxe8+ Nxe8 21. Nxd5 Qd8 22. Qf3 h6 23. Nh3 Be6 24. c4 b5 25. Re1 Bf7 26. Bc3 bxc4 27. Ne7+ Kh7 28. f5 Ra7 29. fxg6+ Bxg6 30. Nxg6 Kxg6 31. Nf4+ Kh7 32. Qe4+ Kg8 33. Qxe8+ Qxe8 34. Rxe8+ Kf7 35. Re4 Bxc3 36. bxc3 Rd7 37. Rxc4 Rd1+ 38. Kf2 Rd2+ 39. Kf3 Rxa2 1-0


[Site "https://www.chess.com"]

[Event "Titled Tuesday Blitz March 29 Early 2022"]
[White "Ciolacu, Alessia-Mihaela"]
[Black "Mena, Ailen Oriana"]
[WhiteFideId "1252640"]
[BlackFideId "3902773"]
[WhiteElo "1777"]
[BlackElo "1534"]
[Result "1-0"]
[Round "10"]
[TimeControl "180+1"]
[Date "2022.03.30"]
[WhiteClock "0:00:54"]
[BlackClock "0:00:02"]

1. d4 d5 2. Bf4 Nf6 3. e3 c5 4. Nc3 a6 5. dxc5 Nc6 6. a3 e5 7. Bg5 Be6 8. b4 Be7 9. Nf3 O-O 10. Be2 h6 11. Bh4 d4 12. exd4 exd4 13. Na4 Ne4 14. Bxe7 Qxe7 15. O-O Rad8 16. Bd3 f5 17. Re1 Qf7 18. Nb6 Nc3 19. Qd2 Kh8 20. Ne5 Nxe5 21. Rxe5 Bd5 22. Nxd5 Rxd5 23. Rae1 Rfd8 24. Qf4 1-0


[Site "https://www.chess.com"]

[Event "Titled Tuesday Blitz March 29 Early 2022"]
[White "Coelho, Ramyres Santana"]
[Black "Mihailidis, Anastasios"]
[WhiteFideId "2120690"]
[BlackFideId "4205588"]
[WhiteElo "1888"]
[BlackElo "2312"]
[Result "0-1"]
[Round "10"]
[TimeControl "180+1"]
[Date "2022.03.30"]
[WhiteClock "0:00:32"]
[BlackClock "0:00:33"]

1. e4 c5 2. Nf3 d6 3. d4 cxd4 4. Nxd4 Nf6 5. Nc3 g6 6. f4 Bg7 7. e5 dxe5 8. fxe5 Nfd7 9. e6 Ne5 10. exf7+ Kxf7 11. Be2 Nbc6 12. O-O+ Bf6 13. Nxc6 Nxc6 14. Bc4+ Kg7 15. Qe2 Nd4 16. Qd2 Nf5 17. Nd5 h5 18. Qf4 Qd6 19. Qf3 Be6 20. Bf4 Qc5+ 21. Kh1 Qxc4 22. Nxf6 exf6 23. Rae1 Bf7 24. Re4 Qxc2 25. Rb4 b6 26. Rc1 Rae8 0-1


[Site "https://www.chess.com"]

[Event "Titled Tuesday Blitz March 29 Early 2022"]
[White "Cramling Bellon, Anna"]
[Black "Koridze, Lile"]
[WhiteFideId "32009232"]
[BlackFideId "13612514"]
[WhiteElo "1905"]
[BlackElo "1999"]
[Result "0-1"]
[Round "10"]
[TimeControl "180+1"]
[Date "2022.03.30"]
[WhiteClock "0:00:02"]
[BlackClock "0:01:59"]

1. d4 Nf6 2. c4 e6 3. Nf3 d5 4. Nc3 Bb4 5. Bg5 O-O 6. e3 h6 7. Bh4 Nbd7 8. Bd3 c6 9. O-O Be7 10. Rc1 b6 11. cxd5 cxd5 12. Nb5 Ba6 13. Nc7 Bxd3 14. Qxd3 Rc8 15. Nb5 a6 16. Na7 Rxc1 17. Rxc1 b5 18. Nc6 Qe8 19. Nfe5 Bd6 20. f4 Ne4 21. Nxd7 Qxd7 22. Ne5 Bxe5 23. fxe5 Rc8 24. Rc2 Rc6 25. Qd1 Qc7 26. Rxc6 Qxc6 27. h3 Qc4 28. a3 a5 29. Qg4 Qc1+ 30. Kh2 Qxe3 31. Bf6 g6 32. Bh4 Qxd4 33. Qf4 g5 34. Bxg5 hxg5 35. Qg4 Qxe5+ 0-1


[Site "https://www.chess.com"]

[Event "Titled Tuesday Blitz March 29 Early 2022"]
[White "Csonka, Balazs"]
[Black "Mkrtchyan, Mariam"]
[WhiteFideId "742910"]
[BlackFideId "13310828"]
[WhiteElo "2404"]
[BlackElo "1984"]
[Result "1-0"]
[Round "10"]
[TimeControl "180+1"]
[Date "2022.03.30"]
[WhiteClock "0:00:56"]
[BlackClock "0:00:31"]

1. d4 d6 2. Nf3 g6 3. e4 Bg7 4. Bc4 Nf6 5. Qe2 c6 6. e5 dxe5 7. dxe5 Nd5 8. O-O Bg4 9. Nbd2 O-O 10. h3 Bxf3 11. Nxf3 e6 12. Rd1 Nd7 13. Bd3 Qc7 14. c4 Nb4 15. Bf4 Nxd3 16. Rxd3 Rfd8 17. Rad1 Nc5 18. Rd6 b6 19. Bg5 Rxd6 20. exd6 Qb7 21. Be7 Nd7 22. b3 c5 23. h4 Bf6 24. h5 Bxe7 25. dxe7 Nf6 26. Rd8+ Kg7 27. Qe5 Qc6 28. h6+ 1-0


[Site "https://www.chess.com"]

[Event "Titled Tuesday Blitz March 29 Early 2022"]
[White "Czerw, Dawid"]
[Black "Jaferian, Koosha"]
[WhiteFideId "1145746"]
[BlackFideId "12507440"]
[WhiteElo "2125"]
[BlackElo "2030"]
[Result "0-1"]
[Round "10"]
[TimeControl "180+1"]
[Date "2022.03.30"]
[WhiteClock "0:00:05"]
[BlackClock "0:00:08"]

1. d4 Nf6 2. c4 e6 3. g3 d5 4. Bg2 Bb4+ 5. Bd2 Be7 6. Nf3 O-O 7. O-O c6 8. Qc2 b6 9. b4 Ba6 10. Na3 Nbd7 11. Rfd1 Rc8 12. Rac1 Ne4 13. Be1 f5 14. Qa4 Bxc4 15. Nxc4 b5 16. Qxa7 bxc4 17. Ne5 Nxe5 18. dxe5 Ra8 19. Qb7 Rxa2 20. Qxc6 Qc8 21. Qxc8 Rxc8 22. h4 Rxe2 23. f3 Rxe1+ 24. Rxe1 Nxg3 25. b5 d4 26. b6 d3 27. b7 Rb8 28. Rxc4 Rxb7 29. Rd1 Rd7 30. Kf2 Nh5 31. Bf1 Rd5 32. Rxd3 Rxe5 33. Rd7 Bc5+ 34. Kg2 h6 35. Bd3 Be3 36. Rc8+ Kh7 37. Rcc7 Ra5 38. Re7 Ra2+ 39. Kf1 Rf2+ 40. Ke1 Rxf3 41. Be2 Rg3 42. Bxh5 Bf4 43. Be2 Bxc7 44. Rxc7 e5 45. Rf7 Kg6 46. Re7 e4 47. h5+ Kg5 48. Rxg7+ Kf4 49. Rg6 e3 50. Rxh6 Rg1+ 51. Bf1 Rh1 52. Ke2 Rh2+ 53. Kd3 Kf3 54. Rf6 Rd2+ 55. Kc3 f4 56. Bh3 Rh2 57. Be6 e2 58. Bd5+ Kf2 59. Re6 e1=Q+ 60. Rxe1 Kxe1 61. Kd4 Rxh5 62. Ke4 Rh4 63. Be6 Kf2 64. Bd7 Kg3 65. Bf5 f3+ 66. Ke3 f2 0-1


[Site "https://www.chess.com"]

[Event "Titled Tuesday Blitz March 29 Early 2022"]
[White "De Souza, Cristiano Gomes"]
[Black "Guseva, Marina"]
[WhiteFideId "2151758"]
[BlackFideId "4149351"]
[WhiteElo "2068"]
[BlackElo "2160"]
[Result "1-0"]
[Round "10"]
[TimeControl "180+1"]
[Date "2022.03.30"]
[WhiteClock "0:00:47"]
[BlackClock "0:00:16"]

1. d4 d5 2. c4 c6 3. Nf3 Nf6 4. Nc3 a6 5. a4 e6 6. Bg5 Be7 7. e3 a5 8. Ne5 O-O 9. Be2 Na6 10. O-O Nb4 11. Rc1 b6 12. Qb3 Ba6 13. cxd5 exd5 14. Bxa6 Rxa6 15. Na2 c5 16. Nxb4 axb4 17. Nc6 Qd6 18. Nxe7+ Qxe7 19. Bxf6 Qxf6 20. dxc5 bxc5 21. Rxc5 d4 22. Qxb4 dxe3 23. fxe3 Qe6 24. Qd4 Rfa8 25. a5 Rd6 26. Qf4 h6 27. b4 Rd2 28. Re5 Qa2 29. Qf3 Rc8 30. Rc5 Re8 31. Rc7 f6 32. Qg3 g5 33. Qh3 1-0


[Site "https://www.chess.com"]

[Event "Titled Tuesday Blitz March 29 Early 2022"]
[White "Demchenko, Anton"]
[Black "Aditya Mittal"]
[WhiteFideId "4160258"]
[BlackFideId "35042025"]
[WhiteElo "2539"]
[BlackElo "2303"]
[Result "1-0"]
[Round "10"]
[TimeControl "180+1"]
[Date "2022.03.29"]
[WhiteClock "0:00:59"]
[BlackClock "0:00:12"]

1. e4 c5 2. Nf3 d6 3. d4 cxd4 4. Qxd4 Nf6 5. Nc3 Nc6 6. Qe3 g6 7. h3 Bg7 8. Bc4 O-O 9. O-O Nd7 10. Rd1 Qb6 11. Qe1 Nde5 12. Nxe5 Nxe5 13. Bb3 Be6 14. Be3 Qa5 15. Nd5 Qd8 16. Bd4 Nd7 17. c3 b6 18. f4 Nc5 19. Bc2 Re8 20. Bxg7 Kxg7 21. Ne3 f6 22. Qh4 Qc8 23. Qg3 Qb7 24. Rd4 Rac8 25. h4 Kh8 26. e5 dxe5 27. fxe5 Nd7 28. h5 Nxe5 29. hxg6 Rg8 30. Rh4 Rg7 31. Qh2 Bg8 32. Rh6 e6 33. Rf1 Rd8 34. Rxf6 Rd2 35. Qxe5 Re2 1-0


[Site "https://www.chess.com"]

[Event "Titled Tuesday Blitz March 29 Early 2022"]
[White "Dev, Shah"]
[Black "Derraugh, Geordie"]
[WhiteFideId "35019058"]
[BlackFideId "2603950"]
[WhiteElo "2075"]
[BlackElo "2116"]
[Result "0-1"]
[Round "10"]
[TimeControl "180+1"]
[Date "2022.03.30"]
[WhiteClock "0:00:03"]
[BlackClock "0:00:09"]

1. c4 Nf6 2. d4 e5 3. dxe5 Ng4 4. Nf3 Bc5 5. e3 Nc6 6. Nc3 Ngxe5 7. Nxe5 Nxe5 8. Be2 O-O 9. O-O a5 10. f4 Ng6 11. Ne4 Ba7 12. Bd2 Re8 13. Bd3 d5 14. cxd5 Qxd5 15. Qc2 Bf5 16. Nf6+ gxf6 17. Bxf5 Qxd2 18. Qxd2 Bxe3+ 19. Qxe3 Rxe3 20. Rac1 c6 21. Rfd1 Nxf4 22. Kf2 Re5 23. g4 Rae8 24. Rc2 Nd5 25. Rcd2 Kg7 26. Rg1 h6 27. Rg3 R8e7 28. a3 Ne3 29. Rd8 Nc4 30. b4 Re2+ 31. Kg1 axb4 32. axb4 Rb2 33. Kf1 Nd2+ 34. Kg1 Nc4 35. Kf1 Rxb4 36. Rd4 c5 37. Rd8 Rb2 38. h4 Nd2+ 39. Kg1 Re1+ 40. Kf2 Ne4+ 41. Kxe1 Nxg3 42. Bd3 b5 43. Rb8 b4 44. Rb7 Kf8 45. Bc4 Ne4 46. Rxf7+ Ke8 47. Rc7 Rh2 48. h5 Rg2 49. Rg7 f5 50. Rg8+ Ke7 51. Rg7+ Kd6 52. Rg6+ Ke5 53. gxf5 Rxg6 54. fxg6 Kf6 55. Ke2 Ng3+ 56. Kf3 Nxh5 57. Kg4 Kxg6 58. Bd3+ Kf6 59. Kxh5 Ke5 60. Kxh6 Kd4 61. Bb5 c4 62. Kg5 b3 63. Ba4 Kc3 64. Be8 b2 65. Bg6 Kd2 66. Kf4 c3 67. Bf5 c2 68. Bxc2 Kxc2 69. Ke3 b1=Q 0-1


[Site "https://www.chess.com"]

[Event "Titled Tuesday Blitz March 29 Early 2022"]
[White "Dovbnia, Nikita"]
[Black "Lakshmi C"]
[WhiteFideId "54104599"]
[BlackFideId "25035347"]
[WhiteElo "2111"]
[BlackElo "1775"]
[Result "0-1"]
[Round "10"]
[TimeControl "180+1"]
[Date "2022.03.30"]
[WhiteClock "0:00:09"]
[BlackClock "0:00:02"]

1. Nf3 Nf6 2. b3 d5 3. Bb2 e6 4. e3 Bd6 5. Be2 Nbd7 6. O-O e5 7. c4 c6 8. d4 e4 9. Nfd2 Ng8 10. Nc3 Ne7 11. f3 f5 12. fxe4 dxe4 13. c5 Bc7 14. Bc4 Nf6 15. b4 Ned5 16. Nxd5 cxd5 17. Bb5+ Bd7 18. Qa4 g6 19. c6 bxc6 20. Bxc6 Bxh2+ 21. Kxh2 Qc7+ 22. Kg1 Bxc6 23. b5 Bd7 24. Rac1 Qb8 25. Ba3 Ng4 26. Rf4 Kf7 27. Qb4 Re8 28. Rxg4 fxg4 29. Rf1+ Kg8 30. Nb3 Qg3 31. Re1 Qh4 32. Nd2 g3 33. Nf1 Rf8 34. Qxf8+ Rxf8 35. Bxf8 Kxf8 36. Rc1 Qg4 37. Rc7 Bxb5 38. Rxa7 Qd1 39. Ra8+ Kg7 40. Ra7+ Kf6 41. Ra6+ Bxa6 0-1


[Site "https://www.chess.com"]

[Event "Titled Tuesday Blitz March 29 Early 2022"]
[White "Dushyant Sharma"]
[Black "Vysochin, Spartak"]
[WhiteFideId "25065130"]
[BlackFideId "14103516"]
[WhiteElo "2105"]
[BlackElo "2385"]
[Result "0-1"]
[Round "10"]
[TimeControl "180+1"]
[Date "2022.03.29"]
[WhiteClock "0:00:01"]
[BlackClock "0:01:17"]

1. e4 e6 2. Nf3 d5 3. exd5 exd5 4. d4 Nf6 5. Bd3 c5 6. c3 c4 7. Bc2 Bd6 8. O-O O-O 9. Ne5 Nc6 10. f4 Qc7 11. Be3 b5 12. Nd2 Re8 13. Ndf3 Ne4 14. Bxe4 dxe4 15. Ng5 f6 16. Qh5 g6 17. Qxh7+ Qxh7 18. Nxh7 Bxe5 19. fxe5 Kxh7 20. Rxf6 Ne7 21. Bg5 Nd5 22. Rd6 Be6 23. Rf1 Rab8 24. a3 Rb6 25. Re1 Rxd6 26. exd6 Bd7 27. Kf2 Re6 28. Kg3 e3 29. Kf3 Rxd6 30. Bxe3 Re6 31. Bf2 Rxe1 32. Bxe1 Bf5 33. g4 Bd3 34. h4 Kg7 35. Bd2 Kf7 36. Bg5 Ke6 37. Bd2 a6 38. Bg5 Bc2 39. Bd2 Bd1+ 40. Kg3 Nf6 41. h5 gxh5 42. g5 Ne4+ 0-1


[Site "https://www.chess.com"]

[Event "Titled Tuesday Blitz March 29 Early 2022"]
[White "Einarsson, Halldor Gretar"]
[Black "Hartikainen, Jarmo"]
[WhiteFideId "2300150"]
[BlackFideId "503134"]
[WhiteElo "2114"]
[BlackElo "2062"]
[Result "0-1"]
[Round "10"]
[TimeControl "180+1"]
[Date "2022.03.30"]
[WhiteClock "0:00:01"]
[BlackClock "0:00:23"]

1. d4 Nf6 2. c4 g6 3. f3 d5 4. cxd5 Nxd5 5. e4 Nb6 6. Nc3 Bg7 7. Be3 O-O 8. Qd2 Nc6 9. O-O-O e5 10. d5 Nd4 11. f4 Bg4 12. Re1 c5 13. dxc6 Nxc6 14. f5 Qxd2+ 15. Bxd2 gxf5 16. h3 Bh5 17. exf5 f6 18. Bb5 Rfd8 19. Nge2 Rac8 20. g4 Bf7 21. Rd1 Nd4 22. Kb1 a6 23. Bd3 Nf3 24. Be3 Nc4 25. Bc1 b5 26. Rhf1 Nd4 27. Nxd4 Rxd4 28. Ne2 Rdd8 29. Be4 Bf8 30. Bb7 Rb8 31. Bxa6 Rxd1 32. Rxd1 Ra8 33. Bxb5 Nd6 34. Bc6 Rxa2 35. Bd5 Ra4 36. Bxf7+ Kxf7 37. Nc3 Rd4 38. Rxd4 exd4 39. Ne2 Nb5 0-1


[Site "https://www.chess.com"]

[Event "Titled Tuesday Blitz March 29 Early 2022"]
[White "Ezat, Mohamed"]
[Black "Pourkashiyan, Atousa"]
[WhiteFideId "10600906"]
[BlackFideId "12502014"]
[WhiteElo "2386"]
[BlackElo "2247"]
[Result "1-0"]
[Round "10"]
[TimeControl "180+1"]
[Date "2022.03.30"]
[WhiteClock "0:01:11"]
[BlackClock "0:00:03"]

1. e4 c5 2. d4 cxd4 3. c3 d3 4. Nf3 Nc6 5. Bxd3 d6 6. O-O g6 7. Re1 Bg7 8. h3 Nf6 9. Bf4 O-O 10. Nbd2 Be6 11. Bh2 a6 12. Nb3 Rc8 13. Nbd4 Bd7 14. e5 Nxe5 15. Nxe5 dxe5 16. Bxe5 Bc6 17. a4 Qd5 18. Nxc6 Qxc6 19. Qe2 Rfd8 20. a5 e6 21. Rad1 Qc5 22. b4 Qe7 23. b5 axb5 24. Bxb5 Nd5 25. Bxg7 Kxg7 26. c4 Nc3 27. Qb2 Qf6 28. Rxd8 Rxd8 29. Rc1 Nxb5 30. Qxf6+ Kxf6 31. cxb5 Rd5 32. Rb1 Rd2 33. Ra1 Rd7 34. a6 bxa6 35. bxa6 Ra7 36. g4 Ke5 37. Kg2 f5 38. Kf3 g5 39. Ke3 f4+ 40. Kd3 Kd5 41. f3 h6 42. Ra3 Kc5 43. Ke4 Kb4 44. Ra1 Kb5 45. Ke5 Kb6 46. Kxe6 Ra8 47. a7 Kb7 48. Kf7 Kb6 49. Kg7 Kb7 50. Kh7 Kb6 51. Kxh6 Kb7 52. Kg7 Kb6 53. Kg6 Kb7 54. Kxg5 Rg8+ 55. Kxf4 Ka8 56. Kg3 1-0


[Site "https://www.chess.com"]

[Event "Titled Tuesday Blitz March 29 Early 2022"]
[White "Fajdetic, Hrvoje"]
[Black "Jeet, Jain"]
[WhiteFideId "14501945"]
[BlackFideId "5073022"]
[WhiteElo "2172"]
[BlackElo "2085"]
[Result "1/2-1/2"]
[Round "10"]
[TimeControl "180+1"]
[Date "2022.03.30"]
[WhiteClock "0:00:04"]
[BlackClock "0:00:20"]

1. d4 Nf6 2. Bf4 g6 3. Nc3 c5 4. d5 Bg7 5. Qd2 d6 6. O-O-O a6 7. Bh6 Bxh6 8. Qxh6 b5 9. f3 b4 10. Ne4 Nxe4 11. fxe4 Nd7 12. Nf3 Nf6 13. e5 dxe5 14. Nxe5 Bf5 15. g4 Be4 16. g5 Bxh1 17. gxf6 exf6 18. Qg7 Rf8 19. Ng4 Qd6 20. Nxf6+ Ke7 21. Nxh7 Rh8 22. Qh6 Be4 23. Qe3 Rxh7 24. Qxe4+ Kf8 25. h3 a5 26. Qg4 a4 27. e4 a3 28. Qg5 axb2+ 29. Kb1 Rh5 30. Qe3 Kg8 31. Bc4 Ra3 32. Qg1 Rhxh3 33. e5 Qxe5 34. d6 Ra8 35. Qxg6+ Kh8 36. Qxf7 Rh7 37. Qf2 Rd8 38. Qd2 Rhd7 39. Rh1+ Rh7 40. Rd1 Rdd7 41. Bb5 Rd8 42. d7 Qc3 43. Qe2 Qg7 44. Qe8+ Qg8 45. Qe5+ Qg7 46. Qe8+ Qg8 47. Qe5+ Qg7 48. Qe8+ 1/2-1/2


[Site "https://www.chess.com"]

[Event "Titled Tuesday Blitz March 29 Early 2022"]
[White "Fathy, Elameir"]
[Black "Melikhov, Evgeny V."]
[WhiteFideId "10600396"]
[BlackFideId "4122046"]
[WhiteElo "2311"]
[BlackElo "1945"]
[Result "0-1"]
[Round "10"]
[TimeControl "180+1"]
[Date "2022.03.30"]
[WhiteClock "0:00:01"]
[BlackClock "0:00:45"]

1. d4 Nf6 2. c4 e6 3. Nf3 d5 4. g3 dxc4 5. Bg2 Nc6 6. Qa4 Bb4+ 7. Bd2 Bd6 8. O-O O-O 9. Bc3 Ne4 10. Qxc4 Nxc3 11. Nxc3 e5 12. dxe5 Nxe5 13. Nxe5 Bxe5 14. Rfd1 Qe8 15. Rac1 c6 16. Qb3 Qe7 17. Bf3 Be6 18. Qa4 a5 19. a3 Rfd8 20. Rxd8+ Qxd8 21. Rd1 Qb6 22. Qe4 Bf6 23. Rd2 Rd8 24. Rxd8+ Qxd8 25. Kg2 Qd4 26. Na4 Qxe4 27. Bxe4 Kf8 28. Nc5 Bxb2 29. Nxb7 Bxa3 30. Nxa5 c5 31. Kf3 c4 32. Ke3 Bc5+ 33. Kf3 g5 34. e3 g4+ 35. Ke2 h5 36. Kd1 f5 37. Bc2 f4 38. exf4 Bxf2 39. Nc6 Bg1 40. f5 Bd5 41. Nb4 Bf3+ 42. Ke1 Bxh2 0-1


[Site "https://www.chess.com"]